 Dungeon Crawl Stone Soup version 0.27-a0-1196-g3e9cee4cb2 (webtiles) character file.

Game seed: 13048725008591313581

1500 robertstho the Magician (level 9, -10/61 HPs)
             Began as a Djinni Fire Elementalist on May 27, 2021.
             Mangled by a cyclops (31 damage)
             ... on level 6 of the Dungeon.
             The game lasted 00:09:56 (8230 turns).

robertstho the Magician (Djinni Fire Elementalist)  Turns: 8230, Time: 00:09:57

Health: -10/61     AC:  4    Str:  7    XL:     9   Next: 8%
Gold:   207        EV: 13    Int: 19    God:
                   SH:  0    Dex: 15

rFire    + + .     SeeInvis .   q - +1 dagger (venom)
rCold    x . .     Faith    .   (no shield)
rNeg     . . .     Spirit   .   a - +0 robe
rPois    ∞         Reflect  .   g - +1 hat
rElec    .         Harm     .   o - +0 cloak
rCorr    .         Rampage  .   (no gloves)
Will     .....                  (boots unavailable)
Stlth    ++........             e - amulet of the acrobat
HPRegen  0.20/turn              (no ring)
MPRegen  0.00/turn              (no ring)

@: flying
A: sickness immunity, fire resistance 2, cold vulnerability 1, float, innate
caster, hp casting, extra vitality 1
a: no special abilities


You were on level 6 of the Dungeon.
You visited 1 branch of the dungeon, and saw 6 of its levels.

You collected 207 gold pieces.

Inventory:

Hand Weapons
 j - a +3 dagger
 q - a +1 dagger of venom (weapon)
 r - the +4 scimitar of Invincibility {holy, rPois Int-2 Dex-2 SInv}
   (You found it on level 6 of the Dungeon)

   It has been blessed by the Shining One to cause great damage to the undead
   and demons.
   It affects your intelligence (-2).
   It affects your dexterity (-2).
   It protects you from poison.
   It lets you see invisible.
Armour
 a - a +0 robe (worn)
 g - a +1 hat (worn)
 o - a +0 cloak (worn)
Jewellery
 e - an amulet of the acrobat (around neck)
Wands
 b - a wand of acid (5)
 p - a wand of flame (16)
Scrolls
 c - a scroll of enchant armour
 f - a scroll of noise {unknown}
 h - 3 scrolls of teleportation
 i - 2 scrolls of fog {unknown}
 n - 2 scrolls of identify
 t - a scroll of summoning {unknown}
Potions
 d - 5 potions of curing {unknown}
 k - 5 potions of haste {unknown}
 l - 2 potions of cancellation {unknown}
 m - a potion of brilliance {unknown}
 s - 2 potions of mutation {unknown}


   Skills:
 * Level 3.4 Fighting
 + Level 0.8 Short Blades
 + Level 3.8 Dodging
 + Level 3.2 Stealth
 * Level 7.3 Spellcasting


You couldn't memorise any spells.
You knew the following spells:

 Your Spells              Type           Power      Damage    Failure   Level
a - Foxfire               Conj/Fire      100%       2x1d9     1%          1
b - Conjure Flame         Conj/Fire      34%        6-21      1%          3
c - Inner Flame           Hex/Fire       34%        N/A       1%          3
d - Sticky Flame          Conj/Fire      34%        2d5       4%          4
e - Fireball              Conj/Fire      17%        3d9       14%         5
f - Pain                  Necr           100%       1d9       1%          1
g - Blink                 Tloc           N/A        N/A       1%          2
h - Poisonous Vapours     Pois/Air       68%        N/A       1%          2
i - Mephitic Cloud        Conj/Pois/Air  34%        N/A       1%          3
Your spell library was empty.

Dungeon Overview and Level Annotations

Branches:
Dungeon (6/15)             Temple (0/1) D:4

Altars:
Kikubaaqudgha
Makhleb
Sif Muna
Trog

Shops:
D:1 [

Annotations:
D:5 2 transporters, Zellion's ghost, amateur DgGl


Innate Abilities, Weirdness & Mutations

You are immune to sickness and miasma.
You are immune to poison.
Your flesh is very heat resistant. (rF++)
You are vulnerable to cold. (rC-)
You float through the air rather than walking.
You learn spells naturally, not from books.
Your magical power is your life essence.
You have superior vitality. (+4 HP)


Message History

You see here a +0 halberd.
Found 19 stones.
Found a shimmering blue altar of Sif Muna.
k - 5 fizzy purple potions (gained 2)
s - 2 fuming silvery potions
Found a stone staircase leading up.
There is a stone staircase leading up here.
t - a scroll labelled NETIAW TO JUUR
Found a dagger.
Found a dagger.
A cyclops comes into view.
A cyclops is nearby!
A cyclops is nearby!
A cyclops is nearby!
A cyclops is nearby!
Found a scroll labelled HAECAWKIDIX.
You see here a +0 dagger.
You see here a +0 dagger.
The cyclops shouts!
The cyclops hits you!
You hit the cyclops.
The cyclops is lightly wounded.
Casting: Sticky Flame (dangerous; 4% risk of failure)
Confirm with . or Enter, or press ? or * to list all spells.
Aiming: Sticky Flame (dangerous; 4% risk of failure)
Press: ? - help, Shift-Dir - straight line, f - cyclops
Aim: a cyclops, quivering large rocks (lightly wounded, 100% to hit)
The sticky flame hits the cyclops.
The cyclops is lightly wounded.
The cyclops is covered in liquid flames!
The cyclops burns!
The cyclops hits you!!
Casting: Sticky Flame (dangerous; 4% risk of failure)
Confirm with . or Enter, or press ? or * to list all spells.
Aiming: Poisonous Vapours (safe; 1% risk of failure)
Press: ? - help, Dir - move target, f/p - cyclops
Aim: a cyclops, quivering large rocks (moderately wounded, covered in liquid flames) Poisonous vapours surround the cyclops!
The cyclops burns!
The cyclops is poisoned.
The cyclops hits you!!
Ouch! That really hurt!
You die...

#.######### #.#..<....#
######.#.#####.## ##
#......#.# #... ..
+......#.########
####.##......#.........
#..?.C@).#+..#####.####
#.###....)...### #.#
........###...###.#
#.........♣###.....#
#.######♣..♣ ###...# ..
♣... #...## . ♣...
##...# ... #...# ...
##..#


You could see a cyclops (burning, poisoned).

Vanquished Creatures
  Prince Ribbit (D:5)
  A water moccasin (D:6)
  A sky beast (D:6)
  A hornet zombie (D:5)
  An ogre (D:5)
  A gnoll sergeant (D:6)
  2 scorpions
  A water moccasin zombie (D:5)
  3 bullfrog zombies (D:5)
  A hound (D:4)
  4 jellies
  An orc priest (D:6)
  3 iguanas
  2 bullfrog skeletons
  2 orc wizards (D:6)
  A howler monkey zombie (D:6)
  7 gnolls
  4 adders
  2 ufetubi
  2 adder skeletons (D:4)
  A worm (D:2)
  7 orcs
  7 bats
  13 endoplasms
  3 giant cockroaches
  5 hobgoblins
  2 jackals (D:1)
  13 kobolds
  4 quokkas
  7 ball pythons
  3 frilled lizards
  14 goblins
  4 rats
124 creatures vanquished.

Vanquished Creatures (collateral kills)
  A foxfire (D:4)
1 creature vanquished.

Vanquished Creatures (others)
  518 foxfires
  9 fungi (D:3)
  7 toadstools (D:3)
534 creatures vanquished.

Grand Total: 659 creatures vanquished

Notes
Turn   | Place    | Note
-------+----------+-------------------------------------------
     0 | D:1      | robertstho the Djinni Fire Elementalist began the quest for
                  | the Orb.
     0 | D:1      | Reached XP level 1. HP: 15/15 MP: 0/0
    70 | D:1      | Found a burning altar of Makhleb.
   380 | D:1      | Found Ussitej's Armour Shoppe.
   386 | D:1      | Reached XP level 2. HP: 20/21 MP: 0/0
   744 | D:1      | Found a faded altar of an unknown god.
   923 | D:1      | Reached skill level 3 in Spellcasting
  1024 | D:1      | Reached XP level 3. HP: 24/26 MP: 0/0
  1024 | D:1      | Learned a level 1 spell: Pain
  1460 | D:1      | HP: 1/26 [frozen (3)]
  1829 | D:2      | Reached XP level 4. HP: 21/31 MP: 0/0
  3105 | D:3      | Reached skill level 1 in Fighting
  3105 | D:3      | Reached XP level 5. HP: 32/37 MP: 0/0
  3105 | D:3      | Learned a level 2 spell: Blink
  3820 | D:3      | Reached skill level 4 in Spellcasting
  4282 | D:4      | Reached XP level 6. HP: 33/42 MP: 0/0
  4392 | D:4      | Found a bloodstained altar of Trog.
  4777 | D:4      | Found a staircase to the Ecumenical Temple.
  5465 | D:4      | Reached skill level 5 in Spellcasting
  5465 | D:4      | Reached XP level 7. HP: 33/48 MP: 0/0
  5465 | D:4      | Learned a level 2 spell: Poisonous Vapours
  5647 | D:5      | Entered Level 5 of the Dungeon
  6023 | D:5      | Found a transporter.
  6023 | D:5      | Noticed Zellion's ghost (amateur DgGl)
  6951 | D:5      | Found a transporter.
  6998 | D:5      | Reached skill level 6 in Spellcasting
  6998 | D:5      | Reached XP level 8. HP: 52/55 MP: 0/0
  7129 | D:5      | Noticed Prince Ribbit
  7142 | D:5      | Killed Prince Ribbit
  7677 | D:6      | Identified the +4 scimitar of Invincibility {holy, rPois
                  | Int-2 Dex-2 SInv}
  7901 | D:6      | Reached skill level 7 in Spellcasting
  7905 | D:6      | Reached XP level 9. HP: 20/61 MP: 0/0
  7905 | D:6      | Learned a level 3 spell: Mephitic Cloud
  8221 | D:6      | Noticed a cyclops
  8230 | D:6      | Mangled by a cyclops

Illustrated notes

Levels and vault maps discovered:
D:1:      dpeg_arrival_lava_altar, layout_loops_ring,
          ebering_ecumenical_altar_box, serial_shops, nicolae_shop_trees,
          minmay_misc_feat_rows
D:2:      layout_basic
D:3:      cheibrodos_fertilizer, layout_rooms, chequers_serial_rivers_room_a
D:4:      kennysheep_the_goblin_king, layout_gridville, kennysheep_mini_moat,
          minmay_temple_entry_mist, palyth_stone_intersect, serial_bayou_pond_b
D:5:      layout_loops_ring, gammafunk_ghost_arena, uniq_prince_ribbit1
D:6:      layout_basic, kennysheep_ying_yang, old_standard_altar,
          lemuel_zombie_altar_kikubaaqudgha

Skill      XL: |  1  2  3  4  5  6  7  8 |
---------------+-------------------------+-----
Spellcasting   | 3 4 5 6 7 |  7.3
Fighting       | 1 2 3 |  3.4
Stealth        | 2 3 |  3.2
Dodging        | 3 |  3.8
Short Blades   | |  0.8

Action                   |  1- 3 |  4- 6 |  7- 9 || total
-------------------------+-------+-------+-------++-------
Melee: Unarmed           |     1 |       |       ||     1
       Dagger            |       |       |    16 ||    16
 Cast: Foxfire           |    64 |   178 |    69 ||   311
       Sticky Flame      |       |     3 |    16 ||    19
       Fireball          |       |       |     6 ||     6
       Poisonous Vapours |       |       |     1 ||     1
  Use: Scroll            |     2 |       |       ||     2
 Stab: Sleeping          |       |       |     2 ||     2
Armor: Robe              |     6 |     3 |     6 ||    15
Dodge: Dodged            |     6 |    22 |    43 ||    71

Table legend: (Time is in decaauts)
 A = Elapsed time spent in this place.
 B = Non-inter-level travel time spent in this place.
 C = Inter-level travel time spent in this place.
 D = Time resting spent in this place.
 E = Time spent auto-exploring this place.
 F = Levels seen in this place.
 G = Mean time per level.
                   A        B        C        D        E       F      G
               +--------+--------+--------+--------+--------+-----+--------+
         Total |   8229 |   8061 |    168 |    907 |   6322 |   6 | 1371.5 |
       Dungeon |   8229 |   8061 |    168 |    907 |   6322 |   6 | 1371.5 |
               +--------+--------+--------+--------+--------+-----+--------+

Top non-repeatable levels by time:
     D:1: 2084 daAuts
     D:5: 1624 daAuts
     D:4: 1442 daAuts
     D:3: 1138 daAuts
     D:2: 981 daAuts
     D:6: 957 daAuts
